 Dungeon Crawl Stone Soup version 0.23.1-44-gbd83930989 (webtiles) character file.

Game seed: 3716968519027708633

8435 PentaManta the Carver (level 11, 0/67 HPs)
             Began as an Octopode Fighter on Mar 30, 2019.
             Was an Elder of Dithmenos.
             Slain by a wolf (11 damage)
             ... on level 1 of the Lair of Beasts.
             The game lasted 00:34:09 (12016 turns).

PentaManta the Carver (Octopode Fighter)           Turns: 12016, Time: 00:34:09

Health: 0/67       AC:  1    Str: 20    XL:     11   Next: 30%
Magic:  11/11      EV: 19    Int: 11    God:    Dithmenos [****..]
Gold:   307        SH: 11    Dex: 14    Spells: 10/10 levels left

rFire    . . .     SeeInvis .   a - +1 long sword
rCold    . . .     Gourm    .   I - +2 buckler
rNeg     . . .     Faith    .   (helmet restricted)
rPois    .         Spirit   .   s - +4 amulet of reflection
rElec    .         Reflect  +   v - +4 ring of strength
rCorr    .         Harm     .   B - ring of stealth
MR       .....                  (no ring)
Stlth    +++++++++.             (no ring)
HPRegen  0.21/turn              (no ring)
MPRegen  0.12/turn              (no ring)
                                (no ring)
                                (no ring)

@: wreathed by umbra
A: almost no armour, stealthy swim, amphibious, 8 rings, constrict 8, camouflage
1, gelatinous body 1
a: Shadow Step, Renounce Religion


You were on level 1 of the Lair of Beasts.
You worshipped Dithmenos.
Dithmenos was greatly pleased with you.
You were hungry.

You visited 3 branches of the dungeon, and saw 12 of its levels.
You also visited: Sewer.

You collected 634 gold pieces.
You spent 327 gold pieces at shops.

Inventory:

Hand Weapons
 a - a +1 long sword (weapon)
 x - a cursed +0 blowgun
Missiles
 j - 5 tomahawks
 o - 3 throwing nets
 P - 2 javelins (quivered)
 Q - 3 poisoned needles
Armour
 b - a +0 shield
 I - a +2 buckler (worn)
Jewellery
 s - a +4 amulet of reflection (around mantle)
 v - a +4 ring of strength (left tentacle)
 y - an uncursed amulet of rage {unknown}
 B - a ring of stealth (right tentacle)
 H - an uncursed ring of protection from magic {unknown}
Wands
 C - a wand of polymorph (4)
 E - a wand of paralysis (13)
 F - a wand of random effects (22)
 K - a wand of disintegration (11)
 L - a wand of iceblast (11)
Scrolls
 f - 7 scrolls of magic mapping
 g - 2 scrolls of enchant weapon
 h - 8 scrolls of remove curse
 k - a scroll of fear
 l - 7 scrolls of teleportation
 n - 5 scrolls of blinking
 A - 8 scrolls of identify
 D - 2 scrolls of summoning {unknown}
 J - a scroll of fog {unknown}
 M - a scroll of torment {unknown}
 O - 2 scrolls of amnesia
Potions
 c - 2 potions of might
 e - 2 potions of lignification
 i - 2 potions of cancellation {unknown}
 m - 3 potions of agility
 p - a potion of flight
 q - 3 potions of haste
 r - a potion of magic {unknown}
 t - 2 potions of heal wounds
 u - 6 potions of curing
 w - 3 potions of mutation
 z - a potion of ambrosia {unknown}
 G - 2 potions of berserk rage {unknown}
 N - a potion of brilliance {unknown}
Comestibles
 d - 17 rations


   Skills:
 - Level 3.0 Fighting
 * Level 12.1 Long Blades
 + Level 9.2 Dodging
 - Level 11.2 Stealth
 + Level 4.3 Shields


You had 10 spell levels left.
You didn't know any spells.
Your spell library contained the following spells:

 Spells                   Type           Power        Failure   Level  Hunger
 Animate Skeleton         Necr           N/A          34%         1    ##.....
 Pain                     Necr           #...         34%         1    ##.....
 Regeneration             Chrm/Necr      #.........   71%         3    ####...
 Vampiric Draining        Necr           #.........   71%         3    ####...
 Animate Dead             Necr           N/A          98%         4    #####..


Dungeon Overview and Level Annotations

Branches:
Dungeon (10/15)            Temple (1/1) D:4            Lair (1/6) D:10
    Orc: D:9-12

Altars:
Ashenzari
Cheibriados
Dithmenos
Elyvilon
Fedhas
Gozag
Hepliaklqana
Kikubaaqudgha
Makhleb
Nemelex Xobeh
Okawaru
Qazlal
Ru
Sif Muna
Trog
Uskayaw
Vehumet
Wu Jian
Xom
Yredelemnul
Zin
The Shining One

Shops:
D:4 (*}[!   D:5 *(=[(   D:8 *=

Annotations:
D:10 Fannar


Innate Abilities, Weirdness & Mutations

You cannot wear most types of armour.
You are very stealthy in the water. (Stealth+)
You are amphibious.
You can wear up to eight rings at the same time.
You can use your tentacles to constrict eight enemies at once.
Your skin changes colour to match your surroundings (Stealth+).
Your rubbery body absorbs attacks. (AC +1, EV +1)


Message History

You block the spiny frog's attack.
You hit the spiny frog. You squeeze the spiny frog!
The spiny frog is severely wounded.
You constrict the spiny frog. The wolf misses you.
You block the spiny frog's attack.
You slash the wolf! Your grab misses the wolf.
The wolf is heavily wounded.
You constrict the spiny frog. The wolf misses you. The spiny frog stings you!!
You slash the spiny frog!
You squeeze the spiny frog, but do no damage.
The spiny frog is almost dead.
You constrict the spiny frog. You block the wolf's attack. The wolf bites you!
* * * LOW HITPOINT WARNING * * *
You slash the spiny frog!
You kill the spiny frog!
Dithmenos accepts your kill. The wolf bites you.
* * * LOW HITPOINT WARNING * * *
The wolf bites you!
You die...

..... ....... ?..P#....
... # #.......#
....####### .##.
.......#............
.... ........ ..##....#
##...#.P...# ###...##
##......F.P# ###.......
#.....##h# ##.....##P#
...#...@######..#.>.####
#...............######
##.###...##......#
########...## #####


You could see a spiny frog and a wolf.

Vanquished Creatures
  Pikel (D:5)
  Joseph (D:8)
  A spiny frog (Lair:1)
  A troll (D:10)
  5 slime creatures
  A hippogriff (D:8)
  Sigmund (D:5)
  A wyvern (D:9)
  A basilisk (Lair:1)
  A hungry ghost (D:9)
  A steam dragon (D:8)
  The ghost of tjackatt the Cutter, an amateur DsGl (D:4)
  2 water moccasins
  2 sky beasts
  Purgy (Sewer)
  4 orc warriors
  An ice beast (D:5)
  2 phantoms (D:4)
  2 necrophages
  4 ogres
  3 wolves (Lair:1)
  3 centaurs
  3 big kobolds
  5 bullfrogs
  A scorpion (D:4)
  4 killer bees (D:10)
  A centaur zombie (D:10)
  5 crimson imps
  A bullfrog zombie (D:9)
  A quasit (D:9)
  9 orc priests
  8 hounds
  4 jellies
  5 centaur skeletons
  A bullfrog skeleton (D:6)
  7 orc wizards
  7 worker ants
  A hound skeleton (D:5)
  3 gnolls (D:4)
  A howler monkey skeleton (D:4)
  9 adders
  A river rat (D:5)
  2 shadow imps
  6 oozes
  An adder skeleton (D:9)
  2 worms
  3 dart slugs (D:2)
  7 leopard geckos
  39 orcs
  8 giant cockroaches
  3 goblins
  5 hobgoblins
  15 jackals
  18 kobolds
  2 quokkas
  2 ball pythons
  7 bats
  10 frilled lizards
  A leopard gecko skeleton (D:7)
  A quokka skeleton (D:8)
  A quokka zombie (D:8)
  11 rats
261 creatures vanquished.

Vanquished Creatures (others)
  A centaur (D:7)
  3 fungi (D:4)
  A plant (D:4)
5 creatures vanquished.

Grand Total: 266 creatures vanquished

Notes
Turn   | Place    | Note
-------+----------+-------------------------------------------
     0 | D:1      | PentaManta the Octopode Fighter began the quest for the
                  | Orb.
     0 | D:1      | Reached XP level 1. HP: 16/16 MP: 1/1
    49 | D:1      | Reached XP level 2. HP: 21/21 MP: 2/2
    62 | D:1      | Reached skill level 1 in Stealth
   482 | D:2      | Reached XP level 3. HP: 21/26 MP: 3/3
   543 | D:2      | Reached skill level 3 in Long Blades
   674 | D:2      | Found an iron altar of Okawaru.
   674 | D:2      | Noticed an ogre
  1026 | D:2      | Found a sparkling altar of Nemelex Xobeh.
  1028 | D:2      | Found a shimmering altar of Xom.
  1028 | D:2      | Found an ornate altar of the Wu Jian Council.
  1033 | D:2      | Found a basalt altar of Yredelemnul.
  1033 | D:2      | Found a blossoming altar of Fedhas.
  1033 | D:2      | Found a sacrificial altar of Ru.
  1107 | D:2      | Found a snail-covered altar of Cheibriados.
  1130 | D:2      | Found a blossoming altar of Fedhas.
  1130 | D:2      | Found a hide-covered altar of Uskayaw.
  1135 | D:2      | Reached XP level 4. HP: 28/31 MP: 4/4
  1634 | D:3      | Found a glowing golden altar of the Shining One.
  1781 | D:3      | Found a sparkling altar of Nemelex Xobeh.
  1781 | D:3      | Found an opulent altar of Gozag.
  1975 | D:3      | Noticed an ogre
  2187 | D:4      | Found Haczuk's Distillery.
  2187 | D:4      | Noticed a phantom
  2192 | D:4      | Found Wigedoc's Armour Emporium.
  2405 | D:4      | Reached XP level 5. HP: 25/36 MP: 5/5
  2589 | D:4      | Bought a potion of heal wounds for 65 gold pieces
  2589 | D:4      | Bought a potion of might for 52 gold pieces
  2599 | D:4      | Reached skill level 4 in Long Blades
  2625 | D:4      | Killed a phantom
  2625 | D:4      | Reached XP level 6. HP: 25/42 MP: 6/6
  2790 | D:4      | Found Kaamnet's Assorted Antiques.
  2956 | D:4      | Reached skill level 5 in Long Blades
  2980 | D:4      | Found a hazy altar of Hepliaklqana.
  2981 | D:4      | Found a shimmering altar of Xom.
  2981 | D:4      | Noticed a tentacled monstrosity
  2982 | D:4      | Noticed a tentacled monstrosity
  2982 | D:4      | Noticed a spectral ugly thing
  3050 | D:4      | Reached XP level 7. HP: 46/46 MP: 7/7
  3158 | D:4      | Found Sotiffoh's Weapon Emporium.
  3184 | D:4      | Reached skill level 5 in Stealth
  3405 | D:4      | Found Qithrot's Gadget Emporium.
  3565 | D:4      | Found a shadowy altar of Dithmenos.
  3656 | D:4      | Became a worshipper of Dithmenos the Shadowed
  3850 | D:4      | Found a staircase to the Ecumenical Temple.
  3968 | D:4      | Found a runed translucent gate.
  3968 | D:4      | Found a runed translucent gate.
  3968 | D:4      | Found a runed translucent gate.
  3972 | D:4      | Noticed tjackatt's ghost (amateur DsGl)
  3973 | D:4      | Identified the +7 dagger of Hacking and Slashing {drain,
                  | Int+2 SInv}
  4134 | D:3      | Reached skill level 6 in Long Blades
  4134 | D:3      | Reached skill level 5 in Dodging
  4376 | D:2      | Found a bloodstained altar of Trog.
  4381 | D:2      | Found a radiant altar of Vehumet.
  4534 | D:4      | Bought a potion of lignification for 39 gold pieces
  4534 | D:4      | Bought a potion of might for 52 gold pieces
  4534 | D:4      | Bought a potion of curing for 39 gold pieces
  4574 | D:5      | Entered Level 5 of the Dungeon
  4577 | D:5      | Reached XP level 8. HP: 52/52 MP: 8/8
  4652 | D:5      | Noticed Sigmund
  4978 | D:6      | Reached skill level 7 in Long Blades
  5126 | D:5      | Killed Sigmund
  5304 | D:5      | Found a glowing drain.
  5316 | Sewer    | Entered a sewer
  5405 | Sewer    | Reached * piety under Dithmenos
  5467 | Sewer    | Noticed Purgy
  5477 | Sewer    | Killed Purgy
  5731 | D:5      | Found Woeschic's Jewellery Emporium.
  5765 | D:5      | Found Paschuass's Antique Weapon Emporium.
  5858 | D:5      | Found Fioch's Antique Weapon Shop.
  5874 | D:5      | Reached skill level 8 in Long Blades
  6045 | D:5      | Reached XP level 9. HP: 56/56 MP: 9/9
  6092 | D:5      | Found Ruah Meh's Assorted Antiques.
  6101 | D:5      | Noticed Pikel
  6126 | D:5      | Killed Pikel
  6133 | D:5      | Bought a potion of might for 80 gold pieces
  6195 | D:5      | Found Qesagec's Armour Shop.
  6448 | D:6      | Reached skill level 9 in Long Blades
  6787 | D:6      | Reached ** piety under Dithmenos
  6888 | D:6      | Found a burning altar of Makhleb.
  7337 | D:7      | Found a glowing silver altar of Zin.
  7500 | D:6      | Reached XP level 10. HP: 50/63 MP: 10/10
  7504 | D:7      | Reached skill level 10 in Long Blades
  7752 | D:8      | Noticed Joseph
  7767 | D:8      | Killed Joseph
  7767 | D:8      | Reached skill level 10 in Stealth
  7958 | D:8      | Found Tiobyas's Jewellery Shop.
  8397 | D:8      | Reached *** piety under Dithmenos
  8509 | D:8      | Found Iwadiw's General Store.
  8890 | D:7      | Reached skill level 11 in Long Blades
  9154 | D:7      | Found a stormy altar of Qazlal.
 10165 | D:10     | Entered Level 10 of the Dungeon
 10366 | D:10     | Found an iron altar of Okawaru.
 10424 | D:10     | Reached XP level 11. HP: 47/67 MP: 11/11
 10430 | D:10     | Found a staircase to the Lair.
 10797 | D:10     | Reached **** piety under Dithmenos
 10860 | D:10     | Noticed Fannar
 11171 | D:4      | Reached skill level 12 in Long Blades
 11189 | D:4      | Killed tjackatt's ghost
 11325 | Temple   | Entered the Ecumenical Temple
 11929 | Lair:1   | Entered Level 1 of the Lair of Beasts
 12016 | Lair:1   | Slain by a wolf

Skill      XL: |  1  2  3  4  5  6  7  8  9 10 11 |
---------------+----------------------------------+-----
Stealth        | 1 2 3 4 6 7 9 11 | 11.2
Long Blades    | 3 4 5 6 8 9 11 12 | 12.1
Dodging        | 4 5 6 7 8 9 |  9.2
Shields        | 4 |  4.3
Fighting       | |  3.0

Action                   |  1- 3 |  4- 6 |  7- 9 | 10-12 || total
-------------------------+-------+-------+-------+-------++-------
Melee: Long sword        |    62 |   112 |   186 |   279 ||   639
       Constrict         |    21 |    17 |    48 |    51 ||   137
       Tentacles         |    13 |    17 |    54 |    90 ||   174
Throw: Javelin           |       |       |     6 |     5 ||    11
       Tomahawk          |       |       |       |     2 ||     2
  Use: Scroll            |       |       |    17 |       ||    17
       Potion            |       |       |     2 |     4 ||     6
 Stab: Sleeping          |     5 |    11 |    18 |    21 ||    55
       Distracted        |       |       |     2 |     2 ||     4
  Eat: Chunk             |       |     3 |    10 |     5 ||    18
       Ration            |       |     1 |     1 |     3 ||     5
Armor: Skin              |     3 |     8 |     5 |     3 ||    19
Dodge: Dodged            |    26 |    76 |    80 |   137 ||   319
Block: Shield            |    22 |    51 |    89 |   154 ||   316
       Reflection        |       |       |     4 |     1 ||     5
       Buckler           |       |       |       |    10 ||    10
       Rpst.: Long sword |     8 |    17 |    30 |    42 ||    97
